cohdb
Replays
Latest Replays
All Replays
Popular Replays
Top Player Replays
Match Explorer
How It Works
Community
CoH3 Stats
Reddit
Sign in to upload your games and track your stats! →
Sign in with Steam
Match 41037261
Unlisted
Match 41037261
Overview
Messages
Build Orders
End
Construct Infanterie Kompanie
Grenadier Squad
MG 42 Machine Gun Team
GrW 34 Mortar Team
Selects Terror Battlegroup
Selects Machine Gun Camouflage
Construct Panzergrenadier Kompanie
Construct Luftwaffe Kompanie
Jäger Squad
Jäger Squad
Construct Panzergrenadier Kompanie
Support Elements
Wirbelwind Flakpanzer
Medical Bunker
Side Skirts
Pioneer Squad
Selects Contempt for the Weak
221 Scout Car
Construct Panzergrenadier Kompanie
Construct Panzer Kompanie
Marder III M Tank Destroyer
Construct Panzer Kompanie
Selects Jericho Trumpet
Repair Bunker
Panzer IV Medium Tank
Selects V1 Rocket Strike
Kettenkrad Recon Vehicle
Panzer IV Medium Tank
Panzer IV Medium Tank
V1 Rocket Strike
Jericho Trumpet
Jericho Trumpet
Jericho Trumpet
Jäger Squad
Selects Defend the Fatherland
Particycles
Belgian Luftwaffle
.
Mister Maf
RyuJou
Hasuu
0
0
Comments
sign in to comment!
No comments posted yet!